[Event "Team 45 45 League T42"]
[Site "Internet Chess Club"]
[Date "2009.08.29"]
[Round "5"]
[White "ivanson"]
[Black "BRAINWAVE"]
[Result "0-1"]
[WhiteElo "1853"]
[BlackElo "1775"]
[Opening "Owen defense"]
[ECO "B00"]
[Time "14:43:29"]
[TimeControl "2700+45"]

1. e4 b6 2. d4 Bb7 3. Bd3 g6 4. Nf3 Bg7 5. O-O d6 6. Bg5 h6 7. Be3 e6 8. c3 Nd7
9. Qc2 Ne7 10. Nbd2 a6 11. Rad1 g5 12. Ne1 e5 13. dxe5 dxe5 14. Bc4 b5 15. Be2
O-O 16. Nb3 Qe8 17. Nc5 Bc6 18. Nf3 Bf6 19. Rd3 Nb6 20. Rfd1 Ng6 21. h4 Nf4 22.
R3d2 Kg7 23. hxg5 hxg5 24. g3 Nxe2+ 25. Rxe2 Qe7 26. Qc1 Kg6 27. Qc2 Kg7 28. Nb3
Rh8 29. Bc5 Qe6 30. Nh2 Rxh2 31. Kxh2 Rh8+ 32. Kg1 Qh3 33. f4 Qh1+ 34. Kf2 Rh2+
35. Ke3 Nc4+ 36. Kd3 Bxe4+ 37. Rxe4 Qf3+ 38. Re3 e4# {White checkmated} 0-1

[Event "Team 45 45 League T42"]
[Site "Internet Chess Club"]
[Date "2009.08.30"]
[Round "5"]
[White "eurander"]
[Black "Ptzz"]
[Result "1-0"]
[WhiteElo "2213"]
[BlackElo "2035"]
[Opening "Sicilian: Alapin's variation (2.c3)"]
[ECO "B22"]
[Time "12:05:05"]
[TimeControl "2700+45"]

1. e4 c5 2. c3 g6 3. Nf3 Bg7 4. d4 cxd4 5. cxd4 d5 6. e5 Bg4 7. Qb3 Qd7 8. Nc3
Bxf3 9. gxf3 e6 10. Be3 Ne7 11. Nb5 Nf5 12. Bd3 a6 13. Bxf5 Qxb5 14. Qxb5+ axb5
15. Bd3 b4 16. Bd2 f6 17. f4 b3 18. a3 O-O 19. Rc1 Nc6 20. Be3 Rac8 21. Kd2 Na5
22. Rxc8 Rxc8 23. Rc1 Nc4+ 24. Bxc4 dxc4 25. a4 Kf7 26. Kc3 Bf8 27. Ra1 Be7 28.
a5 Rc6 29. Ra4 Bd8 30. Rxc4 Bxa5+ 31. Kxb3 Rxc4 32. Kxc4 Bc7 33. Kc5 Ke7 34. Bd2
h6 35. Bc3 g5 36. fxg5 hxg5 37. exf6+ Kxf6 38. d5+ Ke7 39. dxe6 g4 40. Kd5 Bxh2
41. Be5 Bxe5 42. Kxe5 b5 43. b4 Ke8 44. Kf5 Ke7 45. Kxg4 Kxe6 46. Kg5 {Black
resigns} 1-0

[Event "Team 45 45 League T42"]
[Site "Internet Chess Club"]
[Date "2009.08.31"]
[Round "5"]
[White "PrincessChess"]
[Black "PaulKaspar"]
[Result "0-1"]
[WhiteElo "1729"]
[BlackElo "1878"]
[Opening "Caro-Kann: Panov-Botvinnik attack"]
[ECO "B13"]
[Time "18:04:04"]
[TimeControl "2700+45"]

1. e4 c6 2. d4 d5 3. exd5 cxd5 4. c4 dxc4 5. Bxc4 Nf6 6. Nc3 e6 7. Bg5 h6 8.
Bxf6 Qxf6 9. Nf3 Be7 10. O-O O-O 11. Re1 a6 12. Ne4 Qf4 13. Ne5 Nc6 14. Qf3 Qxf3
15. Nxf3 Rd8 16. Red1 b5 17. Bb3 Na5 18. Bc2 Bb7 19. Rac1 Rac8 20. Bd3 Rxc1 21.
Rxc1 Nc6 22. Ng3 Nxd4 23. Nxd4 Rxd4 24. Rc7 Bd5 25. Bc2 Rc4 26. Rxc4 Bxc4 27. b3
Bd5 28. Ne2 b4 29. Bd3 a5 30. Nd4 Kf8 31. Kf1 Bc5 32. Ne2 g5 33. g4 Ke7 34. h3
Kd6 35. Ng3 Ke5 36. Bb1 Bc6 37. Bd3 a4 38. Ne2 axb3 39. axb3 Bf3 40. Bc4 f5 41.
gxf5 exf5 42. Nc1 Kd4 43. Ne2+ Ke4 44. Ng3+ Ke5 45. Ne2 g4 46. hxg4 fxg4 47. Nc1
Be7 48. Kg1 h5 49. Nd3+ Kd4 50. Nf4 h4 51. Ne6+ Kc3 52. Nf4 Bd6 53. Nd5+ Kd2 54.
Ne3 h3 55. Nf1+ Ke1 56. Nh2 Bxh2+ 57. Kxh2 Kxf2 {White resigns} 0-1

[Event "Team 45 45 League T42"]
[Site "Internet Chess Club"]
[Date "2009.08.30"]
[Round "5"]
[White "pishd"]
[Black "vollmerj"]
[Result "1/2-1/2"]
[WhiteElo "1716"]
[BlackElo "1761"]
[Opening "Queen's pawn: London system"]
[ECO "A45"]
[Time "07:45:49"]
[TimeControl "2700+45"]

1. d4 Nf6 2. Bf4 g6 3. e3 Bg7 4. Nf3 O-O 5. Be2 d6 6. h3 Bf5 7. O-O Nc6 8. c3
Re8 9. Qb3 Bc8 10. Rd1 Nd7 11. Bg5 h6 12. Bh4 g5 13. Bg3 e5 14. Bc4 Qf6 15. Qc2
exd4 16. cxd4 Nb6 17. Be2 Bf5 18. Qd2 Re7 19. Bd3 Bxd3 20. Qxd3 Rae8 21. a3 Nd5
22. Re1 Nf4 23. Qd2 Nd5 24. Nc3 Nxc3 25. bxc3 Re4 26. c4 g4 27. hxg4 Rxg4 28.
Rab1 b6 29. Qb2 Ne7 30. Qb5 c6 31. Qa6 Nf5 32. Bf4 Qg6 33. g3 Nxg3 34. fxg3
Rxg3+ 35. Bxg3 Qxg3+ 36. Kh1 Qxf3+ 37. Kh2 Rxe3 38. Rxe3 Qxe3 39. Qc8+ Kh7 40.
Qf5+ Kg8 41. Qc8+ Kh7 42. Qf5+ Kg8 {Game drawn by mutual agreement} 1/2-1/2

[Event "Team 45 45 League T42"]
[Site "Internet Chess Club"]
[Date "2009.08.30"]
[Round "5"]
[White "dinkola"]
[Black "AVEMARIA"]
[Result "1/2-1/2"]
[WhiteElo "1666"]
[BlackElo "1723"]
[Opening "QGD Slav defense"]
[ECO "D10"]
[Time "10:06:04"]
[TimeControl "2700+45"]

1. d4 d5 2. c4 c6 3. Nc3 dxc4 4. a4 e5 5. e3 exd4 6. exd4 Be6 7. Nf3 Nf6 8. Be2
Bb4 9. O-O O-O 10. Re1 Nbd7 11. Bd2 h6 12. Qc2 a5 13. Rad1 Qc8 14. Na2 Bxd2 15.
Rxd2 Nb6 16. Ne5 Bf5 17. Qc1 Re8 18. Nxc4 Nxc4 19. Bxc4 Qd7 20. Nc3 Rxe1+ 21.
Qxe1 Re8 22. Qd1 Be6 23. b3 Bxc4 24. bxc4 Ne4 25. Nxe4 Rxe4 26. f3 Re8 27. c5
Qe6 28. g3 Qe3+ 29. Kg2 Rd8 30. Rd3 Qe6 31. Qd2 Rd5 32. Re3 Qd7 33. Rd3 {Game
drawn by mutual agreement} 1/2-1/2

[Event "Team 45 45 League T42"]
[Site "Internet Chess Club"]
[Date "2009.09.02"]
[Round "5"]
[White "slipkid"]
[Black "JeeniousChess"]
[Result "0-1"]
[WhiteElo "1517"]
[BlackElo "1515"]
[Opening "Sicilian: Alapin's variation (2.c3)"]
[ECO "B22"]
[Time "18:30:20"]
[TimeControl "2700+45"]

1. e4 c5 2. c3 d6 3. d4 Nf6 4. Bd3 e5 5. Nf3 Nc6 6. d5 Ne7 7. h3 Bd7 8. O-O Ng6
9. c4 Be7 10. Nc3 O-O 11. Qb3 Qc7 12. Re1 a6 13. Bd2 Rab8 14. Rab1 b6 15. Qc2 b5
16. b4 bxc4 17. Bxc4 cxb4 18. Ne2 a5 19. Rb3 Rbc8 20. Rc1 Bb5 21. Bxb5 Qxc2 22.
Rxc2 Rxc2 23. Bd3 {White resigns} 0-1

[Event "Team 45 45 League T42"]
[Site "Internet Chess Club"]
[Date "2009.08.30"]
[Round "5"]
[White "chicopee-ed"]
[Black "MikeA"]
[Result "1-0"]
[WhiteElo "1398"]
[BlackElo "1336"]
[Opening "QGD Slav"]
[ECO "D11"]
[Time "10:00:13"]
[TimeControl "2700+45"]

1. d4 d5 2. Nf3 Nf6 3. e3 c6 4. c4 e6 5. Nbd2 Nbd7 6. b3 Be7 7. Bd3 O-O 8. O-O
c5 9. Bb2 b6 10. Re1 Bb7 11. e4 dxe4 12. Nxe4 Nxe4 13. Bxe4 Bxe4 14. Rxe4 Nf6
15. Re2 Qc7 16. Qc2 Rfd8 17. Rd2 Ng4 18. h3 Nf6 19. Rad1 Nh5 20. d5 exd5 21.
Rxd5 Nf6 22. Rxd8+ Rxd8 23. Rxd8+ Qxd8 24. Qd2 Qxd2 25. Nxd2 Nh5 26. Nf3 Nf6 27.
Ne5 Ne4 28. Nc6 Bf6 29. Bxf6 Nxf6 30. Nxa7 Nd7 31. Nb5 Kf8 32. a3 Ke7 33. Kf1
Ke6 34. Ke2 Ke5 35. Ke3 f5 36. f4+ Ke6 37. g4 fxg4 38. hxg4 h6 39. Nc7+ Kf7 40.
Nd5 g6 41. Ke4 Nf6+ 42. Nxf6 Kxf6 43. b4 h5 44. gxh5 gxh5 45. Kf3 Kf5 46. bxc5
bxc5 47. a4 h4 48. Kg2 Kxf4 49. a5 h3+ 50. Kh2 {Black resigns} 1-0

[Event "Team 45 45 League T42"]
[Site "Internet Chess Club"]
[Date "2009.08.30"]
[Round "5"]
[White "fileman"]
[Black "Fuzzie"]
[Result "1-0"]
[WhiteElo "1880"]
[BlackElo "1765"]
[Opening "Pirc: Austrian attack"]
[ECO "B09"]
[Time "14:00:13"]
[TimeControl "2700+45"]

1. e4 d6 2. d4 Nf6 3. Nc3 g6 4. f4 Bg7 5. a3 O-O 6. Nf3 c5 7. dxc5 dxc5 8. Qxd8
Rxd8 9. e5 Ne8 10. Be3 b6 11. Bd3 Bb7 12. O-O Nc6 13. Be4 Rab8 14. Rad1 Rxd1 15.
Rxd1 Rc8 16. Rd7 Rc7 17. Rd1 Rc8 18. Nb5 a5 19. Nc3 Rd8 20. Rxd8 Nxd8 21. Bxb7
Nxb7 22. Na4 b5 23. Nxc5 Nxc5 24. Bxc5 e6 25. Kf2 Bf8 26. Bxf8 Kxf8 27. Nd4 Nc7
28. Ke3 Ke8 29. Nc6 a4 30. Nb4 Kd7 31. Kd4 h6 32. h4 h5 33. Kc5 Kc8 34. Kc6 Kd8
35. Kd6 Ne8+ 36. Kc6 Nc7 37. g3 Kc8 38. Kd6 Kd8 39. Nc6+ Kc8 40. Ke7 Nd5+ 41.
Kxf7 Kc7 42. Nd4 {Black resigns} 1-0

[Event "Team 45 45 League T42"]
[Site "Internet Chess Club"]
[Date "2009.08.28"]
[Round "5"]
[White "Grenadier"]
[Black "Portola"]
[Result "0-1"]
[WhiteElo "1646"]
[BlackElo "1728"]
[Opening "French: advance, Milner-Barry gambit"]
[ECO "C02"]
[Time "22:49:30"]
[TimeControl "2700+45"]

1. e4 e6 2. d4 d5 3. e5 c5 4. c3 Nc6 5. Nf3 Qb6 6. Bd3 Nge7 7. O-O Ng6 8. Re1
Be7 9. b3 O-O 10. Be3 cxd4 11. cxd4 Bd7 12. Nc3 Bb4 13. Rc1 Bxc3 14. Rxc3 Nb4
15. Bxg6 fxg6 16. a3 Nc6 17. h4 Ne7 18. Bg5 Rae8 19. g4 Nc6 20. h5 h6 21. Be3 g5
22. Bxg5 hxg5 23. Nxg5 Qd8 24. Nf3 Rf4 25. Nh2 Ref8 26. Rf1 Nxd4 27. Rg3 Bb5 28.
Rd3 Bxd3 29. Qxd3 Qh4 30. Qg6 Rxf2 31. Rxf2 Qxf2+ 32. Kh1 Qe1+ 33. Kg2 Qxe5 34.
Kh3 Qf6 35. Qd3 e5 36. Kg3 Qf2+ 37. Kh3 Rf3+ 38. Nxf3 Qxf3+ {White resigns} 0-1

[Event "Team 45 45 League T42"]
[Site "Internet Chess Club"]
[Date "2009.08.30"]
[Round "5"]
[White "g8wrb"]
[Black "GoIrish"]
[Result "0-1"]
[WhiteElo "1495"]
[BlackElo "1662"]
[Opening "Alekhine's defense: exchange variation"]
[ECO "B03"]
[Time "06:30:59"]
[TimeControl "2700+45"]

1. e4 Nf6 2. e5 Nd5 3. d4 d6 4. c4 Nb6 5. exd6 cxd6 6. Nc3 g6 7. Be3 Bg7 8. Rc1
O-O 9. b3 Nc6 10. Nf3 Bg4 11. d5 Ne5 12. Be2 Nxf3+ 13. Bxf3 Bxf3 14. Qxf3 Nd7
15. O-O Ne5 16. Qh3 h5 17. Rfd1 Ng4 18. Bg5 Qb6 19. Rd2 Rae8 20. Nd1 f6 21. Bf4
e5 22. Be3 Nxe3 23. Nxe3 Bh6 24. Re2 Rf7 25. Rcc2 f5 26. Kh1 f4 27. Nd1 f3 28.
gxf3 Qd4 29. Nc3 Qd3 30. Kg2 Ref8 31. f4 Qxh3+ 32. Kxh3 Rxf4 33. Ne4 Rd8 34. Rc3
Rd7 35. Rg3 Kg7 36. Ng5 Bxg5 37. Rxg5 Rdf7 38. Kg2 Kh6 39. Rg3 h4 40. Rge3 b6
41. Re4 g5 42. h3 Kg6 43. R4e3 g4 44. hxg4 Rxg4+ 45. Kh3 Kg5 46. Kh2 Rgf4 47.
Kg2 Rg4+ 48. Kh3 Rgf4 49. Kg2 Kg4 50. Re4 h3+ 51. Kh2 Rxe4 52. Rxe4+ Rf4 53. Re2
Kf3 54. Re3+ Kxf2 55. Rxh3 e4 56. Rh6 e3 57. Kh3 e2 58. Rxd6 e1=Q {White
resigns} 0-1

[Event "Team 45 45 League T42"]
[Site "Internet Chess Club"]
[Date "2009.08.29"]
[Round "5"]
[White "houseofcook"]
[Black "AtomicDog"]
[Result "1-0"]
[WhiteElo "1488"]
[BlackElo "1382"]
[Opening "Sicilian: Alapin's variation (2.c3)"]
[ECO "B22"]
[Time "09:00:14"]
[TimeControl "2700+45"]

1. e4 c5 2. c3 d5 3. exd5 Qxd5 4. d4 Nf6 5. Nf3 e6 6. Be2 Nc6 7. O-O cxd4 8.
cxd4 Be7 9. Nc3 Qd6 10. Nb5 Qd8 11. Bf4 Nd5 12. Bg3 a6 13. Nc3 O-O 14. Rc1 Nf6
15. a3 Bd7 16. Bd3 Rc8 17. Bb1 h6 18. Qd3 g6 19. Bf4 Kg7 20. Rfe1 Na5 21. Re2 b5
22. b4 Nc4 23. Ne5 Nh5 24. Bg3 Nxg3 25. hxg3 Nxe5 26. dxe5 Bc6 27. Qe3 f6 28.
Rd1 Qc7 29. Qd3 f5 30. g4 Rfd8 31. Qc2 Rxd1+ 32. Qxd1 Qb6 33. Qc2 Be4 34. Qb2
Bxb1 35. Nxb1 f4 36. Nd2 Bh4 37. Nf3 Bg3 38. Nd4 Bh4 39. Nxe6+ Qxe6 40. Rd2 Be7
41. f3 Kf7 42. Kh2 g5 43. Qb1 Qxe5 44. Qh7+ Qg7 45. Qf5+ Qf6 46. Qxc8 Qb6 47.
Qf5+ Qf6 48. Qxf6+ Kxf6 49. Rc2 {Black resigns} 1-0

[Event "Team 45 45 League T42"]
[Site "Internet Chess Club"]
[Date "2009.08.31"]
[Round "5"]
[White "Yotehagomate"]
[Black "Chessrascal"]
[Result "1-0"]
[WhiteElo "2185"]
[BlackElo "2118"]
[Opening "English: closed system"]
[ECO "A25"]
[Time "20:03:35"]
[TimeControl "2700+45"]

1. c4 e5 2. Nc3 Nc6 3. g3 g6 4. Bg2 Bg7 5. e3 d6 6. Nge2 f5 7. O-O Nf6 8. d4 e4
9. a3 h5 10. Nd5 Nxd5 11. cxd5 Ne7 12. Nf4 Kf7 13. f3 g5 14. Ne6 Bxe6 15. dxe6+
Kxe6 16. fxe4 fxe4 17. Bxe4 d5 18. Qb3 Qd6 19. Bd2 a5 20. Bg2 g4 21. e4 Bxd4+
22. Kh1 Qb6 23. exd5+ Kd7 24. Qa4+ Kc8 25. Bg5 Ng6 26. Rae1 Be5 27. Rxe5 Nxe5
28. Bf6 Rf8 29. Bxe5 Rxf1+ 30. Bxf1 Qg6 31. Bd3 Qf7 32. Qf4 Qxd5+ 33. Qe4 Qxe4+
34. Bxe4 Ra6 35. Kg2 b5 36. h3 gxh3+ 37. Kxh3 Kb8 38. Bd3 Re6 39. Bf4 b4 40.
axb4 axb4 41. b3 Kb7 42. Kh4 Kc6 43. Kxh5 Kc5 44. Bxc7 Kd4 45. Bc4 Rc6 46. Bf4
Ke4 47. Bd2 Rb6 48. g4 Rb8 49. g5 Kf5 50. Bd3+ Ke5 51. Bh7 Ke6 52. Bd3 Ke5 53.
Bh7 Ke6 54. Kg6 Ke5 55. Kh6 Kd4 56. Bf4 Rb6+ 57. g6 Kc3 58. Bg8 Ra6 59. Kh7 Ra2
60. g7 Rf2 61. Bh6 Ra2 62. Bd5 Ra7 63. Kh8 Ra6 64. Bf4 {Black resigns} 1-0

[Event "Team 45 45 League T42"]
[Site "Internet Chess Club"]
[Date "2009.08.31"]
[Round "5"]
[White "mcplayerus"]
[Black "Knight77"]
[Result "0-1"]
[WhiteElo "2104"]
[BlackElo "1978"]
[Opening "Queen's pawn"]
[ECO "A40"]
[Time "23:46:02"]
[TimeControl "2700+45"]

1. d4 e6 2. Nf3 d5 3. c4 Nf6 4. g3 c5 5. Bg2 Nc6 6. cxd5 exd5 7. O-O Bd6 8. Be3
cxd4 9. Nxd4 O-O 10. Nc3 Be5 11. Rc1 Bxd4 12. Bxd4 Re8 13. Bxf6 Qxf6 14. Qxd5
Bg4 15. Qc4 Nd4 16. e3 Nf3+ 17. Bxf3 Qxf3 18. Qd5 Qxd5 19. Nxd5 Rad8 20. Nc3 Rd2
21. b3 Bf3 22. Rb1 Rxe3 23. Rbd1 Bxd1 24. fxe3 Bg4 25. Rf4 h5 26. Rd4 Rc2 27.
Ne4 Rxa2 28. h3 Bf5 29. Nd6 Bxh3 30. Nxb7 Rg2+ 31. Kh1 Rxg3 32. Rd3 Bf5 33. Rc3
Be4+ {White resigns} 0-1

[Event "Team 45 45 League T42"]
[Site "Internet Chess Club"]
[Date "2009.08.30"]
[Round "5"]
[White "Kurukshetra"]
[Black "Kravier"]
[Result "1-0"]
[WhiteElo "1704"]
[BlackElo "1686"]
[Opening "Philidor: López counter-gambit"]
[ECO "C40"]
[Time "21:12:34"]
[TimeControl "2700+45"]

1. e4 e5 2. Nf3 f5 3. Bc4 d6 4. exf5 Bxf5 5. Nc3 Nc6 6. d4 Nb4 7. Bb3 exd4 8.
Nxd4 Qe7+ 9. Be3 Bd7 10. a3 Na6 11. Nd5 Qe4 12. O-O O-O-O 13. c4 Nf6 14. Bc2 Qh4
15. Nxf6 gxf6 16. Qf3 c5 17. g3 Qh3 18. Qxf6 cxd4 19. Bg5 Be7 20. Qxe7 Bc6 21.
f3 Rde8 22. Qf6 Rhf8 23. Qxd4 Rxf3 24. Rxf3 Bxf3 25. Qf2 Re2 26. Qxf3 Qxh2+ 27.
Kf1 Rxc2 28. Qf8+ Kc7 29. Qd8+ Kc6 30. Qe8+ Kb6 31. Bd8+ Kc5 32. Qb5+ Kd4 33.
Qd5+ Ke3 34. Bg5# {Black checkmated} 1-0

[Event "Team 45 45 League T42"]
[Site "Internet Chess Club"]
[Date "2009.08.30"]
[Round "5"]
[White "fledermaus"]
[Black "Darkwizard1"]
[Result "1/2-1/2"]
[WhiteElo "1992"]
[BlackElo "1856"]
[Opening "QGD: 4.Bg5"]
[ECO "D50"]
[Time "16:02:07"]
[TimeControl "2700+45"]

1. d4 Nf6 2. c4 e6 3. Nc3 d5 4. Bg5 Bb4 5. Rc1 Nc6 6. e3 h6 7. Bh4 g5 8. Bg3 Ne4
9. Bd3 O-O 10. Ne2 f5 11. O-O Bxc3 12. bxc3 Ne7 13. cxd5 exd5 14. c4 c6 15. cxd5
cxd5 16. Bc7 Qe8 17. f3 Nf6 18. Bg3 Nc6 19. Bf2 Be6 20. Qb3 Qf7 21. Rb1 b6 22.
Qc2 Ne7 23. Rfc1 Rac8 24. Qa4 Ng6 25. Ba6 Rcd8 26. Rb2 Rd7 27. Rbc2 Re7 28. Bd3
Nh5 29. Qa3 g4 30. fxg4 fxg4 31. Bxg6 Qxf2+ 32. Kh1 Bf5 33. Bxf5 Rxe3 34. Qd6
Qxf5 35. Ng3 Nxg3+ 36. hxg3 Re6 37. Qa3 Rfe8 38. Rc8 Qf7 39. Rxe8+ Rxe8 40. Qd6
Qh5+ 41. Kg1 Qg5 42. Rf1 Qe3+ 43. Kh2 Qe6 44. Qf4 Kg7 45. Qc7+ Re7 46. Qb8 Rf7
47. Rxf7+ Qxf7 48. Qe5+ Kh7 49. a4 Qd7 50. Qf6 Kg8 51. Qg6+ Qg7 52. Qe6+ Qf7 53.
Qxg4+ Qg7 {Game drawn by mutual agreement} 1/2-1/2

[Event "Team 45 45 League T42"]
[Site "Internet Chess Club"]
[Date "2009.09.06"]
[Round "5"]
[White "abescac"]
[Black "mongmong"]
[Result "1-0"]
[WhiteElo "1428"]
[BlackElo "1510"]
[Opening "French: advance, Paulsen attack"]
[ECO "C02"]
[Time "12:05:37"]
[TimeControl "2700+45"]

1. e4 e6 2. d4 d5 3. e5 c5 4. c3 Nc6 5. Nf3 Qb6 6. a3 c4 7. Nbd2 f6 8. exf6 Nxf6
9. g3 Bd7 10. Bg2 O-O-O 11. O-O Be7 12. Re1 Rdf8 13. Qc2 h6 14. b3 cxb3 15. Nxb3
Na5 16. Nxa5 Qxa5 17. Ne5 Bd6 18. Nxd7 Kxd7 19. a4 Rc8 20. Bd2 Qc7 21. Qb3 a6
22. Rab1 Rb8 23. Rec1 Rhc8 24. Re1 Re8 25. f3 Qc6 26. Rbc1 b5 27. axb5 Rxb5 28.
Qc2 Reb8 29. Qg6 Rg8 30. Bh3 Be7 31. Bxe6+ Qxe6 {Black resigns} 1-0

[Event "Team 45 45 League T42"]
[Site "Internet Chess Club"]
[Date "2009.08.30"]
[Round "5"]
[White "oldprez"]
[Black "katabatico"]
[Result "1-0"]
[WhiteElo "1447"]
[BlackElo "1410"]
[Opening "Giuoco Piano: Greco variation"]
[ECO "C54"]
[Time "13:00:09"]
[TimeControl "2700+45"]

1. e4 e5 2. Nf3 Nc6 3. Bc4 Bc5 4. c3 Nf6 5. d4 exd4 6. cxd4 Bb4+ 7. Nc3 Nxe4 8.
O-O Nxc3 9. bxc3 Be7 10. Re1 O-O 11. Rb1 d6 12. d5 Nb8 13. Qc2 Nd7 14. Qe4 Re8
15. Bd3 Nf6 16. Qh4 g6 17. Bh6 Nxd5 18. Qd4 Nf6 19. Rb2 b6 20. Rbe2 c5 21. Qxf6
Bxf6 22. Rxe8+ {Black resigns} 1-0

[Event "Team 45 45 League T42"]
[Site "Internet Chess Club"]
[Date "2009.08.30"]
[Round "5"]
[White "Riddari"]
[Black "reverendjim"]
[Result "0-1"]
[WhiteElo "1255"]
[BlackElo "1407"]
[Opening "Sicilian defense"]
[ECO "B41"]
[Time "14:00:19"]
[TimeControl "2700+45"]

1. e4 e6 2. d4 c5 3. Nf3 cxd4 4. Nxd4 Bc5 5. c3 Qb6 6. Be2 Nc6 7. Na3 Bxd4 8.
cxd4 Qxd4 9. Qd3 a6 10. Nc4 Qxd3 11. Bxd3 Nb4 12. Bb1 h6 13. Nd6+ Ke7 14. Nc4 b5
15. Ne3 Bb7 16. a3 Nc6 17. O-O Nf6 18. f3 Rhd8 19. Rd1 d5 20. exd5 Nxd5 21. Ba2
Na5 22. Nxd5+ Bxd5 23. Bxd5 Rxd5 24. Rxd5 exd5 25. Be3 Nc4 26. Bc5+ Kd7 27. b4
Re8 28. h3 Kc6 29. a4 bxa4 30. Rxa4 Kb5 31. Ra1 a5 32. Rb1 a4 33. Kf2 a3 34. g4
g6 35. Kg3 Nd2 36. Rd1 a2 37. Bd4 Nb3 38. Bg7 Kxb4 39. h4 Kc4 40. h5 d4 41. hxg6
fxg6 42. Kf4 a1=Q 43. Rxa1 Nxa1 44. Bxh6 d3 45. Kg5 d2 {White resigns} 0-1

[Event "Team 45 45 League T42"]
[Site "Internet Chess Club"]
[Date "2009.08.27"]
[Round "5"]
[White "Cicero"]
[Black "otib2006"]
[Result "1-0"]
[WhiteElo "1256"]
[BlackElo "1323"]
[Opening "Sicilian: Smith-Morra gambit"]
[ECO "B21"]
[Time "11:01:37"]
[TimeControl "2700+45"]

1. e4 c5 2. d4 cxd4 3. c3 d6 4. cxd4 Nf6 5. Nc3 e6 6. Nf3 Be7 7. Bd3 O-O 8. Be3
Nbd7 9. O-O b6 10. Qc2 g6 11. h3 Bb7 12. Rfe1 Rc8 13. Rad1 a6 14. Bh6 Re8 15.
Qe2 b5 16. e5 dxe5 17. dxe5 Nh5 18. Ne4 Qb6 19. Nd6 Ng3 20. Qd2 Nf5 21. Nxe8
Bxf3 22. Bxf5 Bxd1 23. Qxd7 Qd8 24. Qxe6 gxf5 25. Qxf5 Qxe8 26. Rxd1 Rc6 27. Rd6
Rc5 28. Qg4+ {Black resigns} 1-0

[Event "Team 45 45 League T42"]
[Site "Internet Chess Club"]
[Date "2009.08.28"]
[Round "5"]
[White "GabGag"]
[Black "john-beebs"]
[Result "1-0"]
[WhiteElo "2046"]
[BlackElo "1516"]
[Opening "Ruy Lopez: exchange variation, 5.O-O"]
[ECO "C68"]
[Time "14:00:09"]
[TimeControl "2700+45"]

1. e4 e5 2. Nf3 Nc6 3. Bb5 a6 4. Bxc6 dxc6 5. O-O Bg4 6. h3 Bh5 7. g4 Bxg4 8.
hxg4 Qf6 9. d4 exd4 10. Qxd4 Qg6 11. Qe5+ Be7 12. Qf5 Qd6 13. Bf4 Qb4 14. b3 Nf6
15. g5 Nxe4 16. Re1 Rd8 17. Rxe4 Qc3 18. Nxc3 {Black resigns} 1-0

[Event "Team 45 45 League T42"]
[Site "Internet Chess Club"]
[Date "2009.08.31"]
[Round "5"]
[White "milesotoole"]
[Black "KingOfHearts"]
[Result "1-0"]
[WhiteElo "1296"]
[BlackElo "1248"]
[Opening "Queen's bishop game"]
[ECO "D02"]
[Time "22:00:48"]
[TimeControl "2700+45"]

1. d4 d5 2. Nf3 Nf6 3. Bf4 Nc6 4. e3 e6 5. h3 Bd7 6. Bd3 h6 7. O-O Bd6 8. Bxd6
cxd6 9. Nbd2 e5 10. dxe5 dxe5 11. Bb5 Qc8 12. Bxc6 bxc6 13. Nxe5 Be6 14. c4 Bxh3
15. gxh3 Qxh3 16. Qf3 Qe6 17. Qg3 Nh5 18. Qh2 g6 19. b3 f6 20. Nxg6 Rg8 21. Qxh5
O-O-O 22. Kh2 f5 23. Nf4 Rg5 24. Qxg5 hxg5 25. Nxe6 Rh8+ 26. Kg2 g4 27. cxd5
cxd5 28. Rac1+ Kd7 29. Nf4 Kd6 30. a4 g3 31. fxg3 Re8 32. Kf3 Rb8 33. Rh1 Ke5
34. Rh6 Re8 35. Rcc6 {Black resigns} 1-0

[Event "Team 45 45 League T42"]
[Site "Internet Chess Club"]
[Date "2009.08.27"]
[Round "5"]
[White "The-Capitalist"]
[Black "MateIn42"]
[Result "1-0"]
[WhiteElo "1340"]
[BlackElo "1313"]
[Opening "Pirc defense"]
[ECO "B07"]
[Time "21:00:15"]
[TimeControl "2700+45"]

1. e4 d6 2. d4 Nf6 3. Nc3 g6 4. Be3 Bg7 5. f3 O-O 6. Qd2 e5 7. d5 Nbd7 8. Nb5
Nb6 9. Qc3 Bd7 10. Qxc7 Qxc7 11. Nxc7 Rac8 12. Nb5 Bxb5 13. Bxb5 Rxc2 14. Rb1
Nc4 15. Bxc4 Rxc4 16. Ne2 b5 17. O-O Rfc8 18. Bxa7 Ra8 19. Be3 Rxa2 20. Nc3 Ra8
21. Nxb5 Bf8 22. Rfc1 Rb4 23. Nc3 Rab8 24. Nd1 Be7 25. Rc7 Bd8 26. Rc6 Bb6 27.
Rxd6 Bxe3+ 28. Nxe3 Ne8 29. Rc6 Rxb2 30. Rxb2 Rxb2 31. Rc8 Kf8 32. d6 Rd2 33.
Nd5 {Black resigns} 1-0

[Event "Team 45 45 League T42"]
[Site "Internet Chess Club"]
[Date "2009.08.28"]
[Round "5"]
[White "frankd"]
[Black "scottrugby"]
[Result "1-0"]
[WhiteElo "1507"]
[BlackElo "1469"]
[Opening "Réti opening"]
[ECO "A04"]
[Time "11:00:06"]
[TimeControl "2700+45"]

1. Nf3 c5 2. g3 g6 3. Bg2 Bg7 4. O-O Nc6 5. d3 Nf6 6. e4 O-O 7. e5 Ng4 8. Re1
Ngxe5 9. Nxe5 Nxe5 10. Be3 d6 11. c3 Nc6 12. Nd2 Bf5 13. Nf3 Rb8 14. Nh4 Be6 15.
f4 Qc8 16. Qc2 Bh3 17. a3 Bf6 18. Nf3 a5 19. Rad1 e5 20. fxe5 Nxe5 21. Nxe5 Bxe5
22. Bh6 Bg7 23. Bg5 Bxg2 24. Qxg2 Re8 25. Qd5 Rxe1+ 26. Rxe1 Qd7 27. Re7 Qf5 28.
Qxf5 gxf5 29. Kf2 Kf8 30. Rd7 Be5 31. Kf3 Ke8 32. Rc7 b6 33. Bf4 b5 34. Bxe5
dxe5 35. Rxc5 Rd8 36. Ke2 b4 37. Rxe5+ Kf8 38. Rxa5 bxc3 39. bxc3 Rb8 40. Rxf5
Rb2+ 41. Ke3 Rxh2 42. a4 Rg2 43. Kf3 Rd2 44. d4 Rd3+ 45. Ke4 Rxc3 46. a5 Rxg3
47. a6 Ra3 48. Rf6 Ke7 49. Rb6 h5 50. Rb7+ Kf6 51. Rb5 Rxa6 52. Rxh5 Re6+ 53.
Kd5 Kg6 54. Rh1 Re3 55. Kd6 f5 56. Rf1 Kg5 57. d5 f4 58. Kd7 Kf5 59. d6 f3 60.
Kd8 Ke6 61. d7 Rd3 62. Re1+ Kf6 63. Ke8 f2 64. Rf1 Re3+ 65. Kd8 Re1 66. Rxf2+
Ke6 67. Rd2 Rb1 68. Ke8 {Black resigns} 1-0

[Event "Team 45 45 League T42"]
[Site "Internet Chess Club"]
[Date "2009.08.30"]
[Round "5"]
[White "dinosaurs01"]
[Black "Just-Jim"]
[Result "0-1"]
[WhiteElo "1382"]
[BlackElo "1401"]
[Opening "Petrov three knights game"]
[ECO "C42"]
[Time "17:00:29"]
[TimeControl "2700+45"]

1. e4 e5 2. Nf3 Nf6 3. Nc3 d6 4. h3 a6 5. Be2 h6 6. d3 Be7 7. Be3 Be6 8. O-O c5
9. Qd2 Nbd7 10. Rad1 O-O 11. a3 Nb6 12. b4 cxb4 13. axb4 Qc7 14. d4 exd4 15.
Nxd4 Rac8 16. Na2 Bxa2 17. Bg4 Nxg4 18. hxg4 Nc4 19. Qe2 Nxe3 20. Qxe3 Bf6 21.
Nf5 Bg5 22. Qd4 Bf6 23. Qe3 Bc4 24. Rfe1 Be5 25. f4 Bf6 26. Rxd6 Be6 27. Red1
Bxf5 28. exf5 Rfd8 29. Rxd8+ Rxd8 30. Re1 Bd4 {White resigns} 0-1